 Dungeon Crawl Stone Soup version 0.27.1-4-g1640c2035a (webtiles) character file.

Game seed: 10845711689656395238

260 Stomo444 the Ducker (level 5, -11/41 HPs)
             Began as a Demonspawn Gladiator on Nov 16, 2021.
             Was a Believer of Uskayaw.
             Splashed by Ijyb's acid (18 damage)
             ... on level 3 of the Dungeon.
             The game lasted 00:05:06 (3955 turns).

Stomo444 the Ducker (Demonspawn Gladiator)          Turns: 3955, Time: 00:05:06

Health: -11/41     AC:  7    Str: 15    XL:     5   Next: 95%
Magic:  1/6        EV: 12    Int: 16    God:    Uskayaw [**....]
Gold:   140        SH:  0    Dex: 14    Spells: 4/4 levels left

rFire    . . .     SeeInvis .   j - +3 whip (elec)
rCold    . . .     Faith    .   (no shield)
rNeg     . . .     Spirit   .   h - +0 ring mail
rPois    .         Reflect  .   c - +0 helmet
rElec    .         Harm     .   (no cloak)
rCorr    .         Rampage  .   l - +0 pair of gloves
Will     .....                  (no boots)
Stlth    +.........             (no amulet)
HPRegen  0.13/turn              e - +6 ring of intelligence
MPRegen  0.10/turn              m - +4 ring of protection

@: corroded
A: demonic magic 1
a: Renounce Religion, Stomp, Line Pass


You were on level 3 of the Dungeon.
You worshipped Uskayaw.
Uskayaw was noncommittal.
You visited 1 branch of the dungeon, and saw 4 of its levels.

You collected 140 gold pieces.

Inventory:

Hand Weapons
 a - a +0 flail
 j - a +3 whip of electrocution (weapon)
Missiles
 d - 3 throwing nets (quivered)
Armour
 b - a +0 leather armour
 c - a +0 helmet (worn)
 h - a +0 ring mail (worn)
 l - a +0 pair of gloves (worn)
Jewellery
 e - a +6 ring of intelligence (left hand)
 m - a +4 ring of protection (right hand)
Scrolls
 g - a scroll of identify
 o - a scroll of vulnerability {unknown}
 r - a scroll of teleportation {unknown}
 t - 2 scrolls of amnesia {unknown}
Potions
 f - 2 potions of lignification
 i - 2 potions of attraction {unknown}
 k - a potion of brilliance {unknown}
 n - 3 potions of curing {unknown}
 p - a potion of heal wounds {unknown}
 s - a potion of flight {unknown}


   Skills:
 + Level 3.4 Fighting
 + Level 3.7 Maces & Flails
 - Level 1.7 Throwing
 + Level 2.2 Armour
 + Level 3.7 Dodging
 + Level 2.0 Invocations


You had 4 spell levels left.
You didn't know any spells.
Your spell library was empty.

Dungeon Overview and Level Annotations

Branches:
Dungeon (4/15)
 Temple: D:4-7

Altars:
Uskayaw
Yredelemnul

Shops:
D:3 :

Annotations:
D:3 Ijyb
D:4 Sigmund


Innate Abilities, Weirdness & Mutations

Spells you cast may paralyse adjacent enemies.


Message History

You can now stomp with the beat.
Your Invocations skill increases to level 2!
Ijyb barely misses you.
You climb upwards.
Reactivating autopickup.
There is a stone staircase leading down here.
You whack Ijyb!
Ijyb is moderately wounded.
You hit Ijyb but do no damage.
Ijyb is moderately wounded.
Ijyb misses you.
You completely miss Ijyb.
Ijyb is moderately wounded.
Ijyb closely misses you.
You hit Ijyb.
Ijyb is heavily wounded.
Ijyb closely misses you.
You can now pass through a line of other dancers.
You barely miss Ijyb.
Ijyb is heavily wounded.
Ijyb hits you but does no damage.
Unknown command.
You stomp with the beat, sending a shockwave through the revellers around you!
Ijyb is severely wounded.
You can no longer pass through a line of other dancers.
Ijyb closely misses you.
Unknown command.
You hit Ijyb.
Ijyb is almost dead.
Ijyb hits you but does no damage.
You can now pass through a line of other dancers.
You hit Ijyb but do no damage.
Ijyb is almost dead.
Ijyb zaps a wand.
The bolt of acid hits you.
You are splashed with acid!
You barely miss Ijyb.
Ijyb is almost dead.
Ijyb zaps a wand.
The bolt of acid hits you!
* * * LOW HITPOINT WARNING * * *
The acid corrodes you!
You are splashed with acid!!
You die...

########### #.##.#.# #
#####.........# #.#....# #
..............#######.#..### #
....................#.#..# #
..............#####.#.#†.########
..................#.#.#..#.......
.†.............#.##......#.......
....#.######+#.g.........########
#####.....##.###@##........#.....
#.....##.# #.##..#####.#..#..
####.....##.###'##........#.....
##................##.#######..#..
..........###.....##.............
....(.......+..........##....†...
.....########.....####.##†##.†...
##+#.................#.#...#.###.
.....##............#.#.###.#.# #.


You could see Ijyb.

Vanquished Creatures
  A howler monkey (D:4)
  A hound (D:3)
  Jessica (D:2)
  4 gnolls
  2 adders (D:2)
  5 worms
  5 dart slugs
  2 orcs
  10 ball pythons
  5 bats
  6 endoplasms
  2 giant cockroaches
  6 goblins
  4 hobgoblins
  3 jackals (D:3)
  6 quokkas
  6 frilled lizards
  10 kobolds
  11 rats
90 creatures vanquished.

Notes
Turn   | Place    | Note
-------+----------+-------------------------------------------
     0 | D:1      | Stomo444 the Demonspawn Gladiator began the quest for the
                  | Orb.
     0 | D:1      | Reached XP level 1. HP: 16/16 MP: 1/1
   380 | D:1      | Gained mutation: Spells you cast may paralyse adjacent
                  | enemies. [demonic ancestry]
   380 | D:1      | Reached XP level 2. HP: 19/22 MP: 2/2
   618 | D:1      | Reached skill level 1 in Armour
   692 | D:1      | Reached XP level 3. HP: 24/28 MP: 3/3
  1545 | D:1      | Reached XP level 4. HP: 28/34 MP: 4/4
  1781 | D:2      | Found a hide-covered altar of Uskayaw.
  1802 | D:2      | Became a worshipper of Uskayaw the Reveller
  1817 | D:2      | Reached * piety under Uskayaw
  1825 | D:2      | Reached ** piety under Uskayaw
  2128 | D:2      | Noticed Jessica
  2144 | D:2      | Killed Jessica
  2145 | D:2      | Reached skill level 1 in Invocations
  2145 | D:2      | Reached XP level 5. HP: 31/41 MP: 5/5
  2440 | D:3      | Found a basalt altar of Yredelemnul.
  2728 | D:3      | Found Jyfanut's Book Boutique.
  3566 | D:4      | Noticed Ijyb
  3570 | D:4      | Noticed Sigmund
  3955 | D:3      | Splashed by Ijyb's acid

Illustrated notes

Levels and vault maps discovered:
D:1:      kennysheep_arrival_forest, layout_loops_ring
D:2:      layout_rooms, basic_altar, grunt_decor_one_mirror, uniq_jessica
D:3:      minmay_recursive_quarters, layout_basic,
          mainiacjoe_overflow_concentric_impassable, serial_shops,
          nicolae_square_shop, amcnicky_mini_pool_small,
          kennysheep_generic_room_8
D:4:      layout_loops_ring, mainiacjoe_overflow_small_starburst,
          minmay_temple_entry_wispy, amcnicky_mini_corridor_feature,
          uniq_duvessa, uniq_grinder, uniq_ijyb, uniq_crazy_yiuf_cottage,
          uniq_sigmund

Skill      XL: |  1  2  3  4  5 |
---------------+----------------+-----
Dodging        | 3 |  3.7
Maces & Flails | 3 |  3.7
Armour         | 1 2 |  2.2
Fighting       | 3 |  3.4
Invocations    | 1 2 |  2.0
Throwing       | |  1.7

Action                   |  1- 3 |  4- 6 || total
-------------------------+-------+-------++-------
Melee: Flail             |    32 |       ||    32
       Whip              |    47 |   152 ||   199
Invok: Stomp             |       |     2 ||     2
  Use: Scroll            |       |     4 ||     4
Armor: Leather armour    |    10 |       ||    10
       Ring mail         |    31 |    51 ||    82
Dodge: Dodged            |    63 |    84 ||   147
